Map: Acid Plant LE

Players

DnS

  • Race: Protoss Protoss
  • Spawn Location: 5:00

HeroMarine - Winner!

  • Race: Terran Terran
  • Spawn Location: 11:00

Event: WCS Austin 2018

VOD

Have the link to the VOD?

Description

Time

  • Played on: June 2, 2018, 2:19 p.m.
  • Length: 11:12

All games in this series

Show
View Real Time Build Order
Export as new Build Order

DnS Protoss 

Build Orders: 1 Gate Expand, Oracle Opening 

Get SALT Encoding   

  12  0:00  Probe  
  13  0:12  Probe  
  14  0:17  Pylon  
  14  0:23  Probe  
  15  0:31  Probe  
  15  0:36  Gateway  
  15  0:40  Probe  
  16  0:46  Assimilator  
  17  0:51  Probe  
  18  1:03  Probe  
  19  1:15  Probe  
  20  1:23  Nexus  
  20  1:33  Cybernetics Core  
  20  1:36  Probe  
  21  1:41  Assimilator  
  21  1:48  Probe  
  21  1:52  Pylon  
  22  2:00  Probe  
  22  2:01  Adept  
  23  2:13  Probe  
  26  2:15  Stargate  
  26  2:18  Stalker  
  26  2:25  Probe  
  29  2:31  Probe  
  30  2:37  Probe  
  30  2:38  Warp Gate  
  30  2:39  Probe  
  32  2:49  Probe  
  32  2:50  Probe  
  34  2:53  Oracle  
  34  3:01  Probe  
  34  3:02  Probe  
  39  3:13  Probe  
  39  3:14  Probe  
  39  3:19  Stalker  
  43  3:20  Pylon  
  43  3:25  Gateway, Probe  
  43  3:26  Probe  
  45  3:29  Oracle  
  45  3:30  Gateway  
  45  3:37  Probe  
  45  3:38  Probe  
  50  3:49  Probe  
  50  3:50  Probe  
  50  3:51  Pylon  
  52  3:57  Assimilator  
  52  4:02  Probe x2  
  54  4:09  Phoenix  
  56  4:14  Probe x2  
  58  4:26  Pylon  
  58  4:28  Shield Battery, Probe  
  59  4:40  Probe  
  59  4:44  Nexus  
  59  4:45  Stalker x3  
  64  4:50  Shield Battery, Probe  
  67  4:53  Pylon, Probe  
  68  5:02  Twilight Council, Probe  
  68  5:04  Forge  
  68  5:05  Probe  
  70  5:10  Protoss Ground Armor Level 1  
  70  5:14  Probe  
  70  5:15  Charge  
  70  5:16  Stalker x2  
  70  5:17  Probe  
  76  5:27  Probe  
  73  5:29  Probe  
  73  5:30  Phoenix  
  73  5:33  Assimilator  
  76  5:39  Probe  
  76  5:41  Probe  
  78  5:53  Pylon  
  78  5:56  Probe x2  
  80  5:57  Pylon  
  80  6:00  Probe  
  81  6:08  Gateway, Probe x2  
  81  6:10  Sentry x2, Gateway  
  86  6:12  Probe  
  86  6:13  Gateway  
  86  6:17  Sentry  
  89  6:20  Probe x2  
  89  6:21  Gateway  
  89  6:24  Gateway  
  92  6:30  Phoenix  
  94  6:34  Zealot x2  
  94  6:35  Protoss Ground Armor Level 2  
  94  6:37  Pylon  
  97  6:41  Pylon  
  97  6:43  Zealot  
  99  6:48  Assimilator, Templar Archives  
  99  6:55  Pylon  
  99  6:56  Probe x3  
  99  6:57  Blink  
  99  6:59  Assimilator  
  99  7:01  Robotics Facility  
  102  7:08  Probe  
  102  7:09  Probe  
  102  7:12  Probe  
  102  7:13  Zealot x2  
  102  7:14  Zealot x2  
  113  7:26  Zealot x4  
  121  7:31  Pylon  
  121  7:32  Pylon  
  121  7:34  Zealot x3  
  121  7:36  Zealot  
  129  7:42  Immortal  
  126  7:52  Pylon  
  126  7:53  Robotics Bay  
  126  7:58  Zealot x5  
  140  8:07  Nexus  
  140  8:15  Zealot  
  140  8:16  Zealot x2  
  146  8:20  Zealot x2  
  146  8:22  Observer  
  147  8:36  Zealot x5  
  147  8:39  Pylon  
  147  8:40  Pylon  
  157  8:42  Pylon  
  157  8:49  Extended Thermal Lance  
  157  8:50  Templar Archives  
  157  8:53  Colossus  
  157  8:57  Protoss Ground Weapons Level 1  
  157  9:04  Pylon  
  157  9:06  Gateway  
  157  9:07  Gateway  
  163  9:11  Pylon  
  163  9:22  Probe x3  
  163  9:23  Probe  
  167  9:27  High Templar x3  
  167  9:28  High Templar x3  
  167  9:29  Stalker x2  
  167  9:31  Pylon  
  183  9:32  Archon x2  
  183  9:33  Archon  
  183  9:37  Colossus  
  177  9:51  Gateway  
  177  9:52  Gateway  
  183  9:55  Dark Shrine  
  179  10:10  Zealot x10  
  178  10:15  Colossus  
  120  10:31  Zealot x10  
  130  10:51  Zealot x11  
  130  10:52  Zealot  
Show
View Real Time Build Order
Export as new Build Order

HeroMarine Terran - Winner!

Build Orders: Gas First Reaper Expand, Reaper Expand, MMM Bio 

Get SALT Encoding   

  12  0:00  SCV  
  13  0:13  SCV  
  14  0:17  Supply Depot  
  14  0:25  SCV  
  14  0:27  Refinery  
  15  0:38  SCV  
  16  0:44  Barracks  
  16  0:50  SCV  
  17  1:02  SCV  
  18  1:15  SCV  
  19  1:31  Orbital Command, Reaper  
  20  1:44  Command Center  
  20  1:55  Factory  
  20  1:59  SCV  
  21  2:04  Barracks Reactor  
  21  2:11  SCV  
  21  2:14  Supply Depot  
  22  2:15  Refinery  
  22  2:23  SCV  
  23  2:36  SCV  
  24  2:39  Hellion  
  24  2:40  Marine x2  
  24  2:44  Starport  
  28  2:48  SCV  
  29  2:56  Orbital Command  
  29  3:00  SCV  
  32  3:08  Cyclone  
  32  3:12  Marine, SCV  
  35  3:16  Marine  
  35  3:19  Starport Tech Lab  
  36  3:21  SCV  
  36  3:24  SCV  
  38  3:30  Marine  
  39  3:34  Marine  
  39  3:35  Supply Depot, SCV  
  39  3:36  SCV  
  42  3:45  Banshee  
  45  3:49  SCV  
  46  3:56  Marine x2, SCV  
  46  3:57  Widow Mine  
  46  3:58  Supply Depot  
  46  4:01  SCV  
  52  4:08  SCV  
  53  4:13  SCV  
  53  4:16  Liberator, Marine  
  54  4:17  Supply Depot  
  54  4:21  SCV  
  54  4:25  Factory Tech Lab  
  54  4:33  SCV x2  
  54  4:35  Marine  
  54  4:36  Marine  
  60  4:42  Command Center  
  60  4:44  Siege Tank  
  60  4:45  SCV x2  
  63  4:53  Marine x2  
  63  4:57  SCV x2  
  67  5:00  Barracks  
  67  5:09  SCV x2  
  67  5:11  Marine x2  
  68  5:18  Siege Tank  
  68  5:21  SCV x2  
  61  5:29  Engineering Bay, Marine x2  
  61  5:33  SCV x2  
  65  5:39  Refinery x2  
  65  5:42  Starport Reactor  
  65  5:46  Barracks, SCV x2  
  65  5:47  Marine x2  
  69  5:55  Missile Turret  
  69  5:57  Orbital Command, Siege Tank  
  69  5:58  SCV x2  
  69  6:01  Terran Infantry Weapons Level 1, Stimpack  
  69  6:02  Marine  
  75  6:04  Marine  
  75  6:10  Marine, SCV x2  
  76  6:14  Missile Turret  
  76  6:20  Marauder  
  76  6:21  Barracks  
  76  6:22  Marine, SCV x2  
  76  6:23  Barracks  
  81  6:33  Orbital Command  
  81  6:35  Medivac x2  
  81  6:36  Factory Reactor  
  85  6:42  Marauder, SCV x2  
  85  6:43  Supply Depot  
  89  6:48  Supply Depot  
  89  6:52  Combat Shields  
  89  6:53  Marauder, Marine x2  
  93  7:01  Supply Depot  
  93  7:02  Supply Depot  
  93  7:05  Marauder, SCV x3  
  98  7:10  Barracks Reactor, Barracks Tech Lab  
  98  7:13  Marine x2  
  100  7:17  SCV x2  
  100  7:18  Missile Turret  
  100  7:19  Medivac  
  100  7:20  Medivac  
  106  7:25  Armory, SCV  
  106  7:27  Engineering Bay  
  106  7:28  Marauder  
  106  7:29  SCV  
  109  7:30  SCV  
  109  7:32  Marine x2  
  109  7:33  Concussive Shells  
  112  7:37  Supply Depot, SCV  
  112  7:39  Marauder  
  112  7:41  SCV  
  115  7:44  SCV  
  115  7:47  Marauder, Marine x2  
  115  7:49  SCV  
  115  7:50  Widow Mine x2  
  124  7:53  SCV  
  125  7:58  Medivac x2  
  125  7:59  Marauder  
  125  8:00  Refinery  
  125  8:01  Marauder, Supply Depot  
  125  8:02  Supply Depot  
  125  8:04  Refinery  
  133  8:16  Supply Depot  
  133  8:18  Supply Depot  
  133  8:22  Marine x2  
  133  8:23  Marauder x2, Widow Mine, Terran Infantry Weapons Level 2  
  133  8:24  Widow Mine, Marine  
  143  8:28  Marauder  
  143  8:33  Marine  
  144  8:36  Ghost Academy  
  144  8:40  Marine x2  
  146  8:42  Marine  
  146  8:44  Widow Mine  
  146  8:46  Widow Mine  
  153  8:51  Marine  
  153  8:52  Supply Depot  
  153  8:54  Supply Depot, Terran Infantry Armor Level 1  
  153  8:55  Supply Depot  
  158  8:58  Marine x2  
  158  8:59  Marine  
  161  9:03  Barracks  
  161  9:04  Barracks  
  161  9:05  Ghost x3  
  161  9:08  Widow Mine x2  
  165  9:14  Marine  
  165  9:25  Marine x2  
  165  9:26  Marine  
  165  9:28  Supply Depot  
  165  9:29  Widow Mine  
  165  9:30  Supply Depot  
  170  9:32  Liberator x2  
  170  9:34  Marauder, Widow Mine  
  170  9:35  Marauder  
  176  9:47  Marauder, Marine x3  
  176  9:48  Marine  
  176  9:50  Widow Mine  
  190  9:54  Marine x2  
  190  9:56  Marauder x2  
  196  10:05  Marine  
  191  10:12  Widow Mine  
  191  10:13  Widow Mine  
  184  10:20  Marine x2  
  165  10:21  Marauder  
  153  10:34  Marauder  
  153  10:35  Marauder, Marine x2  
  161  10:36  Marine x2  
  166  10:43  Marauder  
  166  10:46  Widow Mine x2  
Tags
 
Add a new tag
Caveats
  • Supply blocks, unpowered buildings, or Contaminate may cause inaccurate times.
  • Supply counts are checked every 10 seconds.